 Dungeon Crawl Stone Soup version 0.29-a0-270-g1586fc07ea (webtiles) character file.

Game seed: 6169970897995270686

484 siradein the Grave Robber (level 6, -3/53 (58) HPs)
             Began as a Troll Necromancer on Mar 7, 2022.
             Slain by a wight
             ... wielding a +5 great sword
              (11 damage)
             ... in an ossuary.
             The game lasted 00:09:55 (3247 turns).

siradein the Grave Robber (Troll Necromancer)       Turns: 3247, Time: 00:09:55

HP:   -3/53 (58)    AC:  4    Str: 19    XL:     6   Next: 88%
MP:   8/8           EV: 10    Int: 13    God:
Gold: 246           SH:  0    Dex: 10    Spells: 1/9 levels left

rFire   . . .      SeeInvis .     - Unarmed
rCold   . . .      Faith    .   (no shield)
rNeg    . . .      Spirit   .   a - +0 robe
rPois   .          Reflect  .   (helmet restricted)
rElec   .          Harm     .   (no cloak)
rCorr   .          Rampage  .   (gloves unavailable)
Will    .....      Clarity  +   (boots unavailable)
Stlth   +.........              (no amulet)
HPRegen 0.97/turn               (no ring)
MPRegen 0.11/turn               (no ring)

@: drained
A: large, unfitting armour, claws 3, regeneration 1, shaggy fur 1, tough skin 1,
talons 1, clarity, strong 1
a: no special abilities


You were in an ossuary.
You visited 1 branch of the dungeon, and saw 5 of its levels.
You also visited: Ossuary.

You collected 246 gold pieces.

Inventory:

Missiles
 e - a throwing net
 p - 5 javelins
Armour
 a - a +0 robe (worn)
Wands
 n - a wand of flame (25)
Scrolls
 d - a scroll of acquirement {unknown}
 j - a scroll of blinking {unknown}
 l - 3 scrolls of magic mapping {unknown}
 m - 3 scrolls of enchant weapon {unknown}
 o - a scroll of fog {unknown}
 r - 2 scrolls of holy word {unknown}
 s - a scroll of fear {unknown}
 t - a scroll of teleportation {unknown}
Potions
 b - a potion of magic
 c - a potion of attraction
 f - 3 potions of mutation
 g - 2 potions of might
 h - a potion of curing
 i - 2 potions of invisibility
 k - a potion of berserk rage
 q - 2 potions of cancellation


   Skills:
 + Level 2.3 Fighting
 + Level 3.0 Dodging
 - Level 1.0 Stealth
 + Level 2.9 Unarmed Combat
 + Level 2.3 Spellcasting
 + Level 4.2 Necromancy


You had one spell level left.
You knew the following spells:

 Your Spells              Type           Power      Damage    Failure   Level
a - Pain                  Necr           48%        1d6       4%          1
b - Vampiric Draining     Necr           12%        2d6       13%         3
c - Animate Dead          Necr           6%         N/A       41%         4

Your spell library contained the following spells:

 Spells                   Type           Power      Damage    Failure   Level
 Animate Skeleton         Necr           24%        N/A       4%          1
 Agony                    Necr           12%        N/A       77%         5


Dungeon Overview and Level Annotations

Branches:
Dungeon (5/15)            Ossuary (1/1)
 Temple: D:4-7

Altars:
Uskayaw
Xom

Shops:
D:1 [   D:3 =   D:4 *

Annotations:
D:3 2 transporters, PaleWalker's ghost, amateur KoEn


Innate Abilities, Weirdness & Mutations

You are too large for most types of armour.
You have claws for hands.
Your natural rate of healing is unusually fast.
You are covered in fur. (AC +1)
You have tough skin. (AC +1)
You have sharp toenails.
You possess an exceptional clarity of mind.
Your muscles are strong. (Str +2)


Message History

No target in view!
No target in view!
You open the door.
A ball python skeleton comes into view.
A ball python skeleton is nearby!
A ball python skeleton is nearby!
You scratch the ball python skeleton. You claw the ball python skeleton.
You destroy the ball python skeleton!
No target in view!
No target in view!
No target in view!
You open the door.
An orc skeleton comes into view.
An orc skeleton is nearby!
You scratch the orc skeleton.
The orc skeleton is heavily damaged.
You claw the orc skeleton!
You destroy the orc skeleton!
No target in view!
No target in view!
No target in view!
You open the door.
A wight comes into view. It is wielding a +5 great sword.
A wight is nearby!
A wight is nearby!
You barely miss the wight.
The wight hits you with a +5 great sword!!
You feel drained.
You are too injured to fight recklessly!
You are too injured to fight recklessly!
You are too injured to fight recklessly!
There is an open door here.
The wight attacks as you move away!
The wight hits you with a +5 great sword!
* * * LOW HITPOINT WARNING * * *
You feel drained.
* * * LOW HITPOINT WARNING * * *
The wight attacks as you move away!
The wight hits you with a +5 great sword!
You die...

#.## #.# #.## ##.##
##.# ###..# #...##
##...###
#######@.....##
#.#.##z.......##
##+#+#+#'#'#..........#
+..........'.......#..#
##+#+#'#'#'#......##.##
#.#.#.##......#.#
#########....##.#
##.....## ##...##


You could see a wight.

Vanquished Creatures
  Menkaure (D:4)
  2 elf zombies (D:5)
  An elf skeleton (D:5)
  A human zombie (D:5)
  A human skeleton (D:5)
  4 adders (D:2)
  An ufetubus (D:5)
  An adder zombie (Ossuary)
  A worm (D:3)
  2 orcs
  9 endoplasms
  5 giant cockroaches
  3 goblins
  6 hobgoblins
  3 jackals (D:1)
  4 quokkas
  4 ball pythons
  A ball python skeleton (Ossuary)
  4 bats
  7 frilled lizards
  A hobgoblin skeleton (Ossuary)
  8 kobolds
  An orc skeleton (Ossuary)
  7 rats
78 creatures vanquished.

Notes
Turn   | Place    | Note
-------+----------+-------------------------------------------
     0 | D:1      | siradein the Troll Necromancer began the quest for the Orb.
     0 | D:1      | Reached XP level 1. HP: 16/16 MP: 1/1
    26 | D:1      | Found a faded altar of an unknown god.
   116 | D:1      | Reached XP level 2. HP: 25/26 MP: 3/3
   197 | D:1      | Found Vyzxolis's Antique Armour Emporium.
   750 | D:2      | Reached XP level 3. HP: 32/32 MP: 4/4
   915 | D:2      | Reached skill level 1 in Unarmed Combat
  1013 | D:2      | Learned a level 3 spell: Vampiric Draining
  1038 | D:2      | Reached skill level 1 in Fighting
  1148 | D:2      | Reached XP level 4. HP: 41/41 MP: 5/5
  1500 | D:2      | Gained mutation: You have sharp toenails. [potion of
                  | mutation]
  1500 | D:2      | Gained mutation: You have hidden genetic potential. [potion
                  | of mutation]
  1593 | D:3      | Found a transporter.
  1602 | D:3      | Noticed PaleWalker's ghost (amateur KoEn)
  1605 | D:3      | Found a transporter.
  1638 | D:3      | Found Hepn's Jewellery Emporium.
  2537 | D:4      | Found Virai's Gadget Gallery.
  2636 | D:4      | Found a shimmering altar of Xom.
  2636 | D:4      | Found a hide-covered altar of Uskayaw.
  2692 | D:4      | Noticed Menkaure
  2883 | D:4      | Killed Menkaure
  2884 | D:4      | Reached XP level 5. HP: 38/49 MP: 5/7
  2884 | D:4      | Gained mutation: Your muscles are strong. (Str +2) [hidden
                  | potential]
  2999 | D:5      | Entered Level 5 of the Dungeon
  3123 | D:5      | Reached skill level 4 in Necromancy
  3123 | D:5      | Reached XP level 6. HP: 44/57 MP: 8/8
  3143 | D:5      | Learned a level 4 spell: Animate Dead
  3165 | D:5      | Gained mutation: You possess an exceptional clarity of
                  | mind. [hidden potential]
  3165 | D:5      | Lost mutation: You have hidden genetic potential. [hidden
                  | potential expressed]
  3168 | D:5      | Found a sand-covered staircase.
  3180 | Ossuary  | Entered an ossuary
  3247 | Ossuary  | Slain by a wight

Illustrated notes

Levels and vault maps discovered:
D:1:      lightli_arrival_noodles, layout_loops_cross,
          hellmonk_ecumenical_altar_pennies_from_heaven, serial_shops,
          nicolae_shop_statue_plus, minmay_tetromino_s4
D:2:      layout_basic, minmay_quantized
D:3:      layout_basic, serial_shops, nicolae_shop_stone, gammafunk_ghost_arena
D:4:      layout_rooms, gammafunk_temple_overflow_elements, chequers_jeans,
          minmay_misc_feat_hallway, nicolae_shop_gadgets, uniq_menkaure
D:5:      layout_basic, serial_shops, nicolae_inconvenience_store,
          nicolae_ossuary_entry_catacombs, serial_glass, glass_columns_b,
          glass_columns_a, glass_columns_c, glass_columns_b, glass_columns_a,
          glass_columns_b, glass_columns_b, glass_columns_a
Ossuary:  ossuary_due_cavern

Skill      XL: |  1  2  3  4  5  6 |
---------------+-------------------+-----
Unarmed Combat | 1 2 |  2.9
Dodging        | 2 3 |  3.0
Fighting       | 1 2 |  2.3
Spellcasting   | 2 |  2.3
Necromancy     | 4 |  4.2
Stealth        | |  1.0

Action                   |  1- 3 |  4- 6 || total
-------------------------+-------+-------++-------
Melee: Unarmed           |   108 |   142 ||   250
       Punch             |     1 |       ||     1
       Kick              |       |    34 ||    34
  Use: Scroll            |       |     7 ||     7
       Potion            |       |     1 ||     1
 Stab: Sleeping          |     5 |     5 ||    10
Armor: Robe              |    35 |    31 ||    66
Dodge: Dodged            |    46 |    56 ||   102

Table legend: (Time is in decaauts)
 A = Elapsed time spent in this place.
 B = Non-inter-level travel time spent in this place.
 C = Inter-level travel time spent in this place.
 D = Time resting spent in this place.
 E = Time spent auto-exploring this place.
 F = Levels seen in this place.
 G = Mean time per level.
                   A        B        C        D        E       F      G
               +--------+--------+--------+--------+--------+-----+--------+
         Total |   3241 |   3066 |    175 |    188 |   2208 |   6 |  540.2 |
       Dungeon |   3175 |   3000 |    175 |    188 |   2167 |   5 |  635.0 |
       Ossuary |     66 |     66 |      0 |      0 |     41 |   1 |   66.0 |
               +--------+--------+--------+--------+--------+-----+--------+

Top non-repeatable levels by time:
     D:2: 824 daAuts
     D:3: 810 daAuts
     D:1: 716 daAuts
     D:4: 645 daAuts
     D:5: 178 daAuts
 Ossuary: 66 daAuts
